 Dungeon Crawl Stone Soup version 0.31-a0-237-g2d982f9f85 (webtiles) character file.

Game seed: 2776460564563108709

2007 justawriter the Slasher (level 9, -8/61 HPs)
             Began as a Demonspawn Fighter on July 11, 2023.
             Mangled by a gnoll sergeant
             ... wielding a +0 spear of distortion
              (19 damage)
             ... on level 5 of the Dungeon.
             The game lasted 01:22:06 (5755 turns).

justawriter the Slasher (Demonspawn Fighter)        Turns: 5755, Time: 01:22:06

Health: -8/61      AC: 21    Str: 19    XL:     9   Next: 2%
Magic:  9/9        EV: 12    Int: 12    God:
Gold:   393        SH:  5    Dex: 15    Spells: 8/8 levels left

rFire   . . .        a - +0 long sword (protect)
rCold   . . .        c - +0 buckler
rNeg    . . .        b - +3 scale mail
rPois   .            n - +0 helmet
rElec   +            (no cloak)
rCorr   .            e - +0 pair of gloves
SInv    .            r - +0 pair of boots
Will    .....        p - amulet "Ziuckips" {rElec Regen+ Dex+3}
Stlth   +            (no ring)
HPRegen 1.10/turn    (no ring)
MPRegen 0.11/turn

%: no passive effects
@: under a protective aura
A: claws 1, hooves 2, foul stench 1, weakness stinger 2, frail 1
a: no special abilities


You were on level 5 of the Dungeon.
You visited 1 branch of the dungeon, and saw 5 of its levels.

You collected 393 gold pieces.

Inventory:

Hand Weapons
 a - a +0 long sword of protection (weapon)
 h - a +0 rapier of speed
 o - a +0 dagger of speed
 u - a +3 dagger of venom
 v - a +3 quarterstaff
Missiles
 j - 53 stones
 k - 2 throwing nets
 t - 4 atropa-tipped darts
 x - 6 javelins
Armour
 b - a +3 scale mail (worn)
 c - a +0 buckler (worn)
 e - a +0 pair of gloves (worn)
 i - an orb of guile
 n - a +0 helmet (worn)
 r - a +0 pair of boots (worn)
Jewellery
 p - the amulet "Ziuckips" (around neck) {rElec Regen+ Dex+3}
   (You found it on level 2 of the Dungeon)

   [amulet of regeneration]

   Dex:       It affects your dexterity (+3).
   rElec:     It insulates you from electricity.
   Regen:     It increases your rate of health regeneration.
 w - a +6 ring of intelligence
Wands
 f - a wand of polymorph (17)
 g - a wand of flame (20)
 y - a wand of charming (12)
Scrolls
 d - a scroll of teleportation
 l - 2 scrolls of noise {unknown}
 C - a scroll of immolation {unknown}
Potions
 m - a potion of brilliance
 q - a potion of invisibility {unknown}
 s - 2 potions of degeneration
 z - 3 potions of magic {unknown}
 A - a potion of curing
 B - a potion of heal wounds


   Skills:
 + Level 5.3 Fighting
 + Level 6.7 Long Blades
 + Level 6.3 Armour
 + Level 5.3 Dodging
 + Level 4.3 Stealth
 + Level 5.9 Shields
 + Level 3.9 Unarmed Combat


You had 8 spell levels left.
You didn't know any spells.
Your spell library contained the following spells:

 Spells                   Type           Power      Damage    Failure   Level
 Sandblast                Erth           0%         2d4       73%         1
 Passwall                 Tmut/Erth      0%         N/A       86%         2
 Stone Arrow              Conj/Erth      0%         3d7       97%         3
 Summon Ice Beast         Ice/Summ       0%         N/A       100%        4
 Summon Mana Viper        Hex/Summ       0%         N/A       100%        5
 Monstrous Menagerie      Summ           0%         N/A       100%        7


Dungeon Overview and Level Annotations

Branches:
Dungeon (5/15)
 Temple: D:4-7

Altars:
Hepliaklqana
Sif Muna
Wu Jian
Yredelemnul

Shops:
D:4 [   D:5 :


Innate Abilities, Weirdness & Mutations

You have sharp fingernails.
You have hoof-like feet.
You may rarely emit foul miasma when damaged in melee.
You have a tail ending in a sharp stinger.
You are frail. (-10% HP)


Message History

You slash the gnoll sergeant!
The gnoll sergeant is heavily wounded.
The gnoll sergeant barely misses you.
You barely miss the gnoll sergeant. You tail-slap the gnoll sergeant.
The gnoll sergeant is severely wounded.
You block the gnoll sergeant's attack.
You hit the gnoll sergeant.
The gnoll sergeant is severely wounded.
The gnoll sergeant hits you from afar with a +0 spear of distortion.
Space warps horribly around you!!
The gnoll sergeant hits you but does no damage.
You hit the gnoll sergeant.
The gnoll sergeant is almost dead.
The gnoll sergeant barely misses you.
The gnoll sergeant hits you but does no damage.
Space warps around you.
You slash the gnoll sergeant!
You kill the gnoll sergeant!
The gnoll sergeant hits you but does no damage.
Space warps horribly around you!
* * * LOW HITPOINT WARNING * * *
You have reached level 9!
Your experience leads to an increase in your attributes!
Your base attributes are Str 17, Int 12, Dex 12.
Increase (S)trength, (I)ntelligence, or (D)exterity?
You feel stronger. x2; Your demonic ancestry asserts itself...
Your tail grows a sharp stinger.
You block the gnoll sergeant's attack.
The gnoll sergeant hits you but does no damage.
Space warps horribly around you.
* * * LOW HITPOINT WARNING * * *
The gnoll sergeant blocks your attack. The gnoll sergeant closely misses you.
You hit the gnoll sergeant but do no damage.
The gnoll sergeant hits you but does no damage.
Space warps around you.
* * * LOW HITPOINT WARNING * * *
You hit the gnoll sergeant but do no damage.
The gnoll sergeant hits you but does no damage.
Space warps horribly around you!!
You die...

.......# #........#
...##........##....#
.## #......####...#
## ...... ##..#
...... ##..# ......
##...#
.......##....#
.#''#.....)..#
##...g@..# #......##
#...#.### #......
....#.# #.. .. ##
###


You could see a gnoll sergeant.

Vanquished Creatures
  Eustachio (D:4)
  A water moccasin (D:4)
  A wolf (D:5)
  2 gnoll sergeants (D:5)
  3 scorpions
  A water moccasin zombie (D:4)
  2 wights (D:4)
  A howler monkey (D:4)
  4 hounds
  A human zombie (D:4)
  2 orc priests
  2 gnoll boudas (D:5)
  A jelly (D:5)
  Jessica (D:2)
  An iguana (D:4)
  A scorpion zombie (D:4)
  Natasha (thrice) (D:3)
  4 orc wizards
  Robin (D:2)
  17 gnolls (D:5)
  9 adders
  A white imp (D:5)
  2 ufetubi
  7 adder zombies (D:4)
  5 worms
  4 dart slugs
  14 orcs
  3 ball pythons
  11 endoplasms
  2 giant cockroaches
  16 goblins
  7 hobgoblins
  11 jackals
  5 kobolds
  6 quokkas
  4 bats (D:1)
  A frilled lizard (D:2)
  4 rats
162 creatures vanquished.

Notes
Turn   | Place    | Note
-------+----------+-------------------------------------------
     0 | D:1      | justawriter the Demonspawn Fighter began the quest for the
                  | Orb.
     0 | D:1      | Reached XP level 1. HP: 18/18 MP: 1/1
   321 | D:1      | Gained mutation: You may rarely emit foul miasma when
                  | damaged in melee. [demonic ancestry]
   321 | D:1      | Reached XP level 2. HP: 24/24 MP: 2/2
   768 | D:2      | Noticed Jessica
   775 | D:2      | Killed Jessica
   776 | D:2      | Reached XP level 3. HP: 28/29 MP: 3/3
   806 | D:2      | Found a hazy altar of Hepliaklqana.
  1071 | D:2      | Noticed Robin
  1096 | D:2      | Discovered your monstrous ancestry.
  1096 | D:2      | Gained mutation: You have large cloven feet. [demonic
                  | ancestry]
  1096 | D:2      | Reached XP level 4. HP: 16/35 MP: 4/4
  1113 | D:2      | Killed Robin
  1261 | D:2      | Identified the amulet "Ziuckips" {rElec Regen+ Dex+3}
  1543 | D:2      | Found a faded altar of an unknown god.
  2001 | D:3      | Noticed Natasha
  2037 | D:3      | Reached XP level 5. HP: 18/41 MP: 5/5
  2041 | D:3      | Killed Natasha
  2190 | D:3      | Found a shimmering blue altar of Sif Muna.
  2192 | D:3      | Found an ornate altar of the Wu Jian Council.
  2463 | D:3      | Noticed Natasha
  2572 | D:3      | Killed Natasha
  2580 | D:3      | Noticed Natasha
  2584 | D:3      | Reached skill level 5 in Long Blades
  2584 | D:3      | Reached skill level 5 in Armour
  2584 | D:3      | Reached skill level 5 in Shields
  2584 | D:3      | Gained mutation: You have a small tail. [demonic ancestry]
  2584 | D:3      | Reached XP level 6. HP: 50/50 MP: 6/6
  2585 | D:3      | Gained mutation: You are frail. (-10% HP) [potion of
                  | mutation]
  2590 | D:3      | Killed Natasha
  3243 | D:4      | Found Hijerihuh's Armour Boutique.
  3307 | D:4      | Gained mutation: You have hoof-like feet. [demonic
                  | ancestry]
  3307 | D:4      | Reached XP level 7. HP: 49/49 MP: 7/7
  4040 | D:4      | Found a basalt altar of Yredelemnul.
  4138 | D:4      | Reached skill level 5 in Fighting
  4138 | D:4      | Gained mutation: You have sharp fingernails. [demonic
                  | ancestry]
  4138 | D:4      | Reached XP level 8. HP: 54/55 MP: 8/8
  4433 | D:4      | Noticed Eustachio
  4523 | D:4      | Killed Eustachio
  4524 | D:4      | Reached skill level 5 in Dodging
  4887 | D:5      | Entered Level 5 of the Dungeon
  5475 | D:5      | Found Atyh's Book Boutique.
  5751 | D:5      | Gained mutation: You have a tail ending in a sharp stinger.
                  | [demonic ancestry]
  5751 | D:5      | Reached XP level 9. HP: 16/61 MP: 9/9
  5755 | D:5      | Mangled by a gnoll sergeant

Illustrated notes

Levels and vault maps discovered:
D:1:      amcnicky_arrival_double_pillar, layout_loops_ring, feat_on_display
D:2:      layout_loops_ring, basic_altar,
          dreamdust_ecumenical_altar_hidden_monk_grotto, uniq_robin,
          uniq_jessica
D:3:      layout_basic, nicolae_overflow_hidden_temple, uniq_natasha
D:4:      minmay_skewed_foursquare, layout_basic,
          lemuel_mausoleum_altar_yredelemnul, serial_shops, nicolae_shop_stone,
          minmay_joined_circles, uniq_eustachio
D:5:      layout_cave_pools, mainiacjoe_overflow_two_lobes, serial_shops,
          nicolae_stop_n_shop_2, serial_gnoll_camp, gnoll_camp_medium_02,
          gnoll_camp_medium_01, gnoll_camp_mini_house, gnoll_camp_huts_basic,
          gnoll_camp_mini_hut, gnoll_camp_mini_loothouse

Skill      XL: |  1  2  3  4  5  6  7  8 |
---------------+-------------------------+-----
Shields        | 3 5 |  5.9
Long Blades    | 2 3 5 6 |  6.7
Armour         | 3 5 6 |  6.3
Fighting       | 4 5 |  5.3
Dodging        | 4 5 |  5.3
Stealth        | 4 |  4.3
Unarmed Combat | 3 |  3.9

Action                     |  1- 3 |  4- 6 |  7- 9 || total
---------------------------+-------+-------+-------++-------
  Melee: Long sword        |    78 |   165 |   520 ||   763
         Kick              |       |    18 |       ||    18
         Unarmed           |       |    27 |       ||    27
         Tailslap          |       |     4 |    66 ||    70
  Throw: Dart              |       |       |     1 ||     1
    Use: Scroll            |     3 |     6 |     3 ||    12
         Potion            |       |     9 |     1 ||    10
   Stab: Sleeping          |       |       |     1 ||     1
 Armour: Scale mail        |    44 |    98 |   405 ||   547
         Skin              |       |     2 |       ||     2
  Dodge: Dodged            |    46 |    81 |   442 ||   569
  Block: Buckler           |    17 |    33 |   181 ||   231

Table legend: (Time is in decaauts)
 A = Elapsed time spent in this place.
 B = Non-inter-level travel time spent in this place.
 C = Inter-level travel time spent in this place.
 D = Time resting spent in this place.
 E = Time spent auto-exploring this place.
 F = Levels seen in this place.
 G = Mean time per level.
                   A        B        C        D        E       F      G
               +--------+--------+--------+--------+--------+-----+--------+
         Total |   5883 |   5831 |     52 |    149 |      0 |   5 | 1176.6 |
       Dungeon |   5883 |   5831 |     52 |    149 |      0 |   5 | 1176.6 |
               +--------+--------+--------+--------+--------+-----+--------+

Top non-repeatable levels by time:
     D:4: 1762 daAuts
     D:3: 1238 daAuts
     D:2: 1237 daAuts
     D:5: 888 daAuts
     D:1: 756 daAuts
